 Dungeon Crawl Stone Soup version 0.30-a0-800-g7c544603b3 (webtiles) character file.

Game seed: 3333562057658303666

577 cheesebisquit the Skirmisher (level 7, -5/54 (56) HPs)
             Began as a Minotaur Hunter on Feb 22, 2023.
             Slain by a wight
             ... wielding a +4 flail
              (16 damage)
             ... on level 4 of the Dungeon.
             The game lasted 00:08:32 (2777 turns).

cheesebisquit the Skirmisher (Minotaur Hunter)      Turns: 2777, Time: 00:08:32

HP:   -5/54 (56)    AC:  4    Str: 16    XL:     7   Next: 13%
MP:   6/6           EV: 12    Int:  6    God:
Gold: 306           SH:  0    Dex: 15    Spells: 6/6 levels left

rFire   . . .      SeeInvis .    a - +0 shortbow
rCold   . . .      Faith    .    (shield currently unavailable)
rNeg    . . .      Spirit   .    c - +0 leather armour
rPois   .          Reflect  .    (helmet restricted)
rElec   .          Harm     .    (no cloak)
rCorr   .          Rampage  .    w - +0 pair of gloves
Will    .....                    (no boots)
Stlth   +                        (no amulet)
HPRegen 0.29/turn                (no ring)
MPRegen 0.10/turn                (no ring)

@: lightly drained
A: horns 2, retaliatory headbutt
a: no special abilities


You were on level 4 of the Dungeon.
You visited 1 branch of the dungeon, and saw 4 of its levels.

You collected 306 gold pieces.

Inventory:

Hand Weapons
 a - a +0 shortbow (weapon)
Missiles
 e - 2 poisoned darts
Armour
 c - a +0 leather armour (worn)
 w - a +0 pair of gloves (worn)
Wands
 u - a wand of light (7)
Scrolls
 b - a scroll of immolation
 d - 5 scrolls of identify {unknown}
 i - a scroll of teleportation {unknown}
 k - a scroll of vulnerability {unknown}
 o - a scroll of amnesia {unknown}
 r - a scroll of enchant weapon {unknown}
 v - a scroll of poison {unknown}
Potions
 f - a potion of berserk rage {unknown}
 g - 2 potions of lignification
 h - 2 potions of flight {unknown}
 j - a potion of brilliance {unknown}
 l - a potion of haste {unknown}
 m - 2 potions of heal wounds
 n - a potion of might {unknown}
 p - a potion of invisibility {unknown}
 q - a potion of mutation {unknown}
 s - 2 potions of curing {unknown}
 t - a potion of ambrosia {unknown}


   Skills:
 - Level 2.6 Fighting
 + Level 9.4 Ranged Weapons
 - Level 2.3 Dodging
 - Level 1.0 Stealth


You had 6 spell levels left.
You didn't know any spells.
Your spell library contained the following spells:

 Spells                   Type           Power      Damage    Failure   Level
 Sandblast                Erth           0%         2d4       52%         1
 Passwall                 Tmut/Erth      0%         N/A       67%         2
 Stone Arrow              Conj/Erth      0%         3d7       88%         3


Dungeon Overview and Level Annotations

Branches:
Dungeon (4/15)
 Temple: D:4-7

Altars:
Wu Jian
Yredelemnul

Shops:
D:1 (

Annotations:
D:4 1 runed translucent door


Innate Abilities, Weirdness & Mutations

You have a pair of horns on your head.
You reflexively headbutt those who attack you in melee.


Message History

No target in view!
No target in view!
No target in view!
No target in view!
You open the door.
A wight comes into view. It is wielding a +4 flail.
You shoot an arrow. The arrow hits the wight!
The wight is heavily damaged.
The wight hits you with a +4 flail!
You feel drained.
You shoot an arrow.
The arrow hits the wight but does no damage.
The wight is heavily damaged.
The wight hits you with a +4 flail.
You shoot an arrow. The arrow hits the wight.
The wight is severely damaged.
The wight hits you with a +4 flail!!
You are too injured to fight recklessly!
You are too injured to fight recklessly!
You are too injured to fight recklessly!
You are too injured to fight recklessly!
You are too injured to fight recklessly!
You are too injured to fight recklessly!
You are too injured to fight recklessly!
You are too injured to fight recklessly!
You are too injured to fight recklessly!
You are too injured to fight recklessly!
You are too injured to fight recklessly!
Fire: a) +0 shortbow
Press: ? - help, Q - select action, (/) - cycle Shift-Dir - straight line, f/p - wight
Aim: a wight, wielding a +4 flail and wearing a +0 robe (severely damaged, 64% to hit)
You shoot an arrow. The arrow hits the wight.
The wight is almost destroyed.
The wight hits you with a +4 flail!
* * * LOW HITPOINT WARNING * * *
Fire: a) +0 shortbow
Press: ? - help, Q - select action, (/) - cycle Shift-Dir - straight line, f/p - wight
Aim: a wight, wielding a +4 flail and wearing a +0 robe (almost destroyed, 64% to hit)
You shoot an arrow. The arrow barely misses the wight.
The wight hits you with a +4 flail!
You die...

......###...~....................
.#....##≈≈≈≈≈≈≈.......##.####....
##..#####....##...........####...
###.## ##....#........##.#.......
###..###...#.............#..##...
.#..##.(###############......#...
>.......8##.#.#.#.# #........##
....#...###'#'#'#z#+#+#.........#
..###.#..'..[...@.....#.........#
### #######'#'#'#+#+#+#.##...##..
# #_#.#.# ####.####..
###############..##....
#....##.......#..
#.....<.......### #........##..##
#....##.###### #...###.#


You could see a wight.

Vanquished Creatures
  A black bear (D:4)
  An ogre (D:3)
  A necrophage (D:4)
  A human zombie (D:4)
  2 orc priests (D:4)
  Natasha (D:3)
  2 iguanas
  A scorpion zombie (D:4)
  2 orc wizards (D:4)
  3 adders
  2 adder zombies (D:4)
  3 worms
  3 dart slugs
  3 orcs (D:4)
  5 endoplasms
  7 goblins
  3 hobgoblins
  4 jackals (D:2)
  7 kobolds
  3 quokkas
  4 ball pythons
  6 bats
  A jackal zombie (D:4)
  5 rats
71 creatures vanquished.

Notes
Turn   | Place    | Note
-------+----------+-------------------------------------------
     0 | D:1      | cheesebisquit the Minotaur Hunter began the quest for the
                  | Orb.
     0 | D:1      | Reached XP level 1. HP: 18/18 MP: 0/0
   184 | D:1      | Reached skill level 1 in Stealth
   330 | D:1      | Found Haset's Weapon Boutique.
   413 | D:1      | You fall into a shaft and drop 1 floor!
   771 | D:2      | Reached XP level 2. HP: 25/25 MP: 1/1
   878 | D:2      | Reached skill level 5 in Ranged Weapons
   989 | D:2      | Reached XP level 3. HP: 30/30 MP: 2/2
  1252 | D:2      | Found an ornate altar of the Wu Jian Council.
  1425 | D:3      | Identified the +3 hand axe of the Uplifting Seer {freeze,
                  | rF+}
  1462 | D:3      | Identified the +6 spear of Flawed Execution {flame, rPois
                  | rCorr Int+8 Dex-3}
  1548 | D:3      | Noticed an ogre
  1672 | D:3      | Killed an ogre
  1673 | D:3      | Reached skill level 6 in Ranged Weapons
  1673 | D:3      | Reached XP level 4. HP: 37/37 MP: 3/3
  1673 | D:3      | Reached XP level 5. HP: 42/42 MP: 4/4
  1849 | D:3      | Reached skill level 7 in Ranged Weapons
  2038 | D:3      | Noticed Natasha
  2042 | D:3      | Killed Natasha
  2152 | D:4      | Found an ornate altar of the Wu Jian Council.
  2268 | D:4      | Found a runed translucent door.
  2343 | D:4      | Reached XP level 6. HP: 38/50 MP: 5/5
  2356 | D:4      | Reached skill level 8 in Ranged Weapons
  2647 | D:4      | Found a basalt altar of Yredelemnul.
  2661 | D:4      | Reached skill level 9 in Ranged Weapons
  2707 | D:4      | Reached XP level 7. HP: 51/56 MP: 6/6
  2777 | D:4      | Slain by a wight

Illustrated notes

Levels and vault maps discovered:
D:1:      dpeg_chamrin_arrival_tetris, layout_basic, serial_shops,
          nicolae_shop_behind_doors, minmay_misc_feat_tower, nrook_mini_vaults
D:2:      layout_loops_ring, basic_altar, kennysheep_nub,
          chequers_serial_rivers_micro_a, corexii_item_surrounded_by_moat,
          minmay_vboxes
D:3:      layout_loops_cross, serial_park_tiny_1, corexii_leaking_fountain,
          uniq_natasha
D:4:      layout_cave_pools, lemuel_doored_altar,
          lemuel_mausoleum_altar_yredelemnul, ebering_ghost_sewer_f,
          serial_rivers, chequers_serial_rivers_small_a,
          chequers_serial_rivers_micro_c, chequers_serial_rivers_marsh,
          chequers_serial_rivers_micro_e, chequers_serial_rivers_room_b

Skill      XL: |  1  2  3  4  5  6 |
---------------+-------------------+-----
Stealth        | 1 |  1.0
Ranged Weapons | 5 6 7 9 |  9.4
Fighting       | |  2.6
Dodging        | |  2.3

Action                     |  1- 3 |  4- 6 |  7- 9 || total
---------------------------+-------+-------+-------++-------
  Melee: Unarmed           |       |    15 |       ||    15
   Fire: Shortbow          |   105 |   111 |    25 ||   241
    Use: Potion            |       |     2 |       ||     2
 Armour: Leather armour    |    13 |    19 |     6 ||    38
         Skin              |       |    15 |       ||    15
  Dodge: Dodged            |    28 |    44 |    12 ||    84

Table legend: (Time is in decaauts)
 A = Elapsed time spent in this place.
 B = Non-inter-level travel time spent in this place.
 C = Inter-level travel time spent in this place.
 D = Time resting spent in this place.
 E = Time spent auto-exploring this place.
 F = Levels seen in this place.
 G = Mean time per level.
                   A        B        C        D        E       F      G
               +--------+--------+--------+--------+--------+-----+--------+
         Total |   2821 |   2677 |    144 |     98 |   2058 |   4 |  705.2 |
       Dungeon |   2821 |   2677 |    144 |     98 |   2058 |   4 |  705.2 |
               +--------+--------+--------+--------+--------+-----+--------+

Top non-repeatable levels by time:
     D:2: 779 daAuts
     D:3: 694 daAuts
     D:1: 688 daAuts
     D:4: 659 daAuts
